Map: [ESL] Inside and Out

Players

Serral

  • Race: Zerg Zerg
  • Spawn Location: 7:00

Reynor - Winner!

  • Race: Zerg Zerg
  • Spawn Location: 1:00

Event: DreamHack SC2 Masters 2022 Atlanta (Online)

VOD

Have the link to the VOD?

Description

Time

  • Played on: Oct. 15, 2022, 12:48 p.m.
  • Length: 15:18

All games in this series

Show
View Real Time Build Order
Export as new Build Order

Serral Zerg 

Build Orders: Hatch First 

Get SALT Encoding   

  12  0:00  Drone  
  13  0:12  Overlord  
  13  0:16  Drone  
  14  0:30  Drone x2  
  16  0:47  Hatchery  
  15  0:50  Drone  
  15  0:54  Drone  
  17  0:57  Drone  
  18  1:08  Extractor  
  17  1:12  Spawning Pool  
  17  1:15  Drone  
  17  1:19  Drone  
  18  1:28  Drone  
  19  1:38  Drone  
  20  1:49  Drone  
  21  1:58  Queen  
  21  1:59  Zergling x2, Queen  
  21  2:00  Overlord  
  26  2:09  Drone  
  26  2:10  Drone  
  26  2:13  Metabolic Boost  
  28  2:21  Drone  
  28  2:22  Zergling x2  
  30  2:34  Hatchery  
  30  2:35  Drone  
  30  2:37  Drone  
  30  2:42  Drone  
  32  2:47  Baneling Nest  
  31  2:52  Drone  
  31  2:54  Overlord  
  31  2:56  Zergling x2  
  33  3:02  Queen  
  35  3:06  Zergling x2  
  35  3:12  Drone x2  
  37  3:13  Drone  
  37  3:14  Zergling x2  
  37  3:15  Zergling x2  
  40  3:21  Overlord  
  40  3:23  Drone  
  40  3:24  Drone  
  40  3:26  Drone  
  43  3:34  Drone, Evolution Chamber  
  42  3:41  Drone x5  
  44  3:43  Drone  
  44  3:47  Drone  
  50  3:50  Overlord  
  50  3:52  Drone  
  50  3:53  Drone  
  50  3:55  Extractor  
  51  3:56  Drone  
  51  3:59  Zerg Missile Weapons Level 1  
  51  4:01  Drone  
  53  4:06  Baneling, Overlord  
  53  4:08  Drone  
  54  4:11  Drone x2  
  54  4:12  Drone  
  57  4:17  Drone, Roach Warren  
  57  4:19  Drone  
  57  4:21  Drone  
  57  4:23  Overlord  
  59  4:26  Overlord  
  59  4:28  Drone  
  60  4:32  Lair  
  60  4:34  Drone x2  
  62  4:44  Drone x3, Extractor  
  64  4:45  Extractor  
  64  4:47  Drone  
  64  4:52  Spine Crawler  
  63  4:53  Baneling  
  63  4:56  Roach x3  
  63  4:57  Roach x3  
  75  5:01  Roach x3  
  75  5:05  Baneling  
  80  5:09  Drone x3  
  82  5:17  Overlord  
  82  5:18  Drone x2  
  82  5:19  Drone  
  82  5:20  Drone x2  
  87  5:21  Drone x2  
  87  5:23  Zergling x2  
  89  5:33  Overlord x2  
  89  5:34  Overlord  
  89  5:42  Queen  
  84  5:44  Drone x3, Extractor  
  84  5:46  Drone x3  
  84  5:49  Spire, Extractor  
  86  5:50  Glial Reconstitution  
  86  5:57  Drone x3  
  88  6:01  Overseer  
  88  6:04  Pneumatized Carapace  
  89  6:08  Drone  
  89  6:09  Hatchery  
  89  6:12  Queen  
  91  6:21  Overlord x2  
  91  6:24  Roach  
  91  6:25  Roach x5  
  103  6:26  Overlord  
  103  6:34  Overlord  
  103  6:35  Roach x3  
  103  6:39  Zerg Missile Weapons Level 2  
  109  6:40  Roach  
  109  6:41  Roach x4  
  119  6:59  Roach x2  
  123  7:03  Roach x9  
  123  7:07  Ravager  
  123  7:08  Roach x3  
  148  7:09  Roach, Ravager  
  148  7:14  Overlord  
  151  7:18  Roach  
  151  7:19  Ravager  
  151  7:22  Roach x2  
  158  7:26  Roach  
  160  7:31  Overlord x2  
  160  7:32  Overlord  
  160  7:34  Overlord  
  160  7:36  Overlord  
  160  7:39  Mutalisk x3  
  166  7:47  Mutalisk  
  166  7:50  Drone x4  
  171  7:52  Mutalisk, Extractor  
  174  8:12  Overlord  
  174  8:13  Roach x11  
  196  8:21  Ravager  
  196  8:24  Centrifugal Hooks  
  195  8:29  Overlord  
  195  8:30  Overlord  
  191  8:50  Roach x5  
  191  8:53  Roach x4  
  185  8:56  Roach  
  185  8:57  Roach x6  
  185  9:02  Roach x6  
  166  9:10  Roach x5  
  166  9:11  Roach  
  149  9:19  Roach x6  
  147  9:24  Roach x7  
  147  9:28  Ravager  
  160  9:34  Roach x4  
  160  9:36  Queen  
  170  9:38  Roach  
  172  9:48  Roach x6  
  184  9:59  Overseer, Roach x4  
  195  10:07  Ravager x4  
  195  10:09  Roach  
  195  10:10  Roach  
  200  10:20  Zerg Ground Armor Level 1  
  192  10:30  Zergling x20  
  192  10:33  Zergling x8  
  196  10:38  Ravager  
  195  10:43  Ravager  
  195  10:44  Roach  
  195  10:45  Roach  
  195  10:49  Baneling x17  
  200  10:50  Baneling  
  200  10:54  Baneling x3  
  195  10:59  Baneling x3  
  195  11:03  Roach x3  
  191  11:07  Roach x4  
  189  11:16  Roach x6  
  194  11:22  Roach x4  
  194  11:24  Overseer  
  181  11:28  Roach  
  181  11:29  Roach  
  180  11:46  Roach x8, Ravager  
  197  11:47  Ravager  
  198  11:56  Roach  
  198  12:12  Roach x3  
  198  12:15  Overseer  
  197  12:23  Zerg Ground Armor Level 2  
  197  12:26  Roach x5  
  197  12:36  Roach x8  
  185  12:42  Roach x3  
  166  12:51  Overseer  
  162  12:56  Roach x4  
  170  13:02  Ravager x2  
  170  13:05  Roach x4  
  176  13:16  Roach x4  
  182  13:20  Overlord  
  182  13:24  Roach x2  
  176  13:28  Roach  
  176  13:33  Roach x2  
  158  13:37  Roach  
  158  13:38  Roach  
  148  13:41  Roach  
  148  13:46  Roach  
  124  13:56  Roach x2  
  124  13:59  Roach  
  124  14:01  Roach  
  126  14:11  Roach x4  
  126  14:14  Ravager  
  135  14:18  Ravager  
  135  14:19  Ravager x6  
  141  14:24  Roach x2  
  141  14:30  Ravager  
  146  14:31  Ravager  
  146  14:33  Roach x4  
  159  14:38  Roach x2  
  159  14:43  Roach x2  
  159  14:44  Roach  
  165  14:51  Roach x2  
  169  14:57  Roach x3  
Show
View Real Time Build Order
Export as new Build Order

Reynor Zerg - Winner!

Build Orders: Hatch First 

Get SALT Encoding   

  12  0:00  Drone  
  13  0:12  Overlord  
  13  0:16  Drone  
  14  0:30  Drone x2  
  16  0:47  Hatchery  
  15  0:51  Drone  
  15  0:54  Drone  
  17  0:57  Drone  
  18  1:09  Extractor  
  17  1:13  Spawning Pool  
  17  1:16  Drone  
  17  1:21  Drone  
  18  1:28  Drone  
  19  1:38  Drone  
  20  1:49  Drone  
  21  2:00  Queen x2  
  21  2:01  Overlord  
  25  2:02  Zergling x2  
  26  2:10  Drone x2  
  26  2:12  Metabolic Boost  
  28  2:20  Drone  
  28  2:21  Drone  
  30  2:32  Zergling x2  
  31  2:37  Hatchery  
  31  2:39  Drone  
  31  2:42  Drone  
  32  2:49  Baneling Nest  
  31  2:53  Drone, Overlord  
  31  2:57  Drone  
  33  3:04  Drone  
  34  3:08  Drone x2  
  34  3:10  Overlord  
  36  3:18  Zergling x10  
  41  3:21  Drone  
  42  3:27  Evolution Chamber  
  42  3:30  Drone x2  
  42  3:33  Queen  
  45  3:39  Drone  
  45  3:41  Drone  
  47  3:45  Drone  
  47  3:46  Drone  
  47  3:47  Roach Warren  
  48  3:50  Drone x2  
  48  3:52  Drone  
  48  3:55  Overlord  
  51  3:58  Drone x2  
  53  4:03  Zerg Missile Weapons Level 1  
  53  4:04  Drone  
  53  4:07  Drone  
  53  4:09  Zergling x2  
  56  4:13  Drone  
  56  4:14  Drone x2  
  56  4:16  Overlord  
  59  4:27  Roach x3  
  59  4:30  Overlord  
  65  4:33  Extractor  
  65  4:34  Roach x2  
  65  4:35  Roach, Extractor  
  65  4:37  Drone  
  70  4:41  Drone  
  70  4:42  Overlord  
  70  4:44  Drone x3  
  74  4:46  Baneling x2  
  74  4:49  Drone x4  
  74  4:52  Drone x2  
  80  4:55  Overlord  
  80  4:56  Extractor  
  79  5:01  Drone x2  
  79  5:04  Drone  
  82  5:11  Overlord  
  82  5:12  Drone  
  82  5:15  Lair  
  82  5:18  Drone x3  
  83  5:22  Overlord  
  83  5:23  Drone x2  
  83  5:25  Drone x4  
  83  5:27  Overlord, Extractor x2  
  86  5:30  Drone x2  
  87  5:36  Overlord  
  87  5:39  Drone  
  84  5:47  Roach x2  
  87  5:52  Pneumatized Carapace, Roach x4  
  87  5:54  Hatchery  
  87  5:55  Roach  
  96  5:58  Roach x3  
  96  6:02  Roach x2  
  106  6:05  Overlord  
  106  6:10  Roach x3  
  112  6:13  Overseer  
  112  6:15  Zerg Missile Weapons Level 2  
  112  6:17  Glial Reconstitution  
  112  6:24  Roach x4  
  120  6:26  Roach  
  120  6:29  Overlord  
  120  6:32  Roach x2  
  126  6:37  Roach x4  
  134  6:43  Overlord  
  136  6:47  Roach x3  
  136  6:52  Roach x3  
  136  6:53  Overlord  
  146  6:59  Hydralisk Den, Drone  
  146  7:02  Drone x5  
  146  7:04  Drone x2  
  154  7:08  Drone  
  154  7:10  Drone x4  
  158  7:16  Drone  
  158  7:17  Drone, Overlord  
  158  7:26  Overlord  
  158  7:32  Muscular Augments, Hydralisk x5  
  158  7:35  Spore Crawler, Hydralisk x2  
  171  7:37  Extractor  
  171  7:39  Roach x2  
  171  7:43  Overlord  
  174  7:46  Roach x4  
  174  7:50  Overlord  
  182  7:55  Roach  
  182  7:56  Spore Crawler  
  182  7:57  Overlord  
  183  8:01  Overlord  
  183  8:04  Roach x5, Evolution Chamber  
  192  8:13  Spore Crawler  
  192  8:14  Drone  
  192  8:15  Overlord  
  192  8:16  Spore Crawler, Drone  
  192  8:20  Infestation Pit, Roach x4  
  199  8:32  Zerg Ground Armor Level 1, Tunneling Claws  
  191  8:54  Roach x11  
  197  8:57  Roach x3  
  197  9:00  Roach x3  
  197  9:01  Roach  
  199  9:03  Hive, Burrow  
  199  9:08  Roach x4  
  181  9:10  Roach  
  181  9:14  Hydralisk  
  169  9:18  Roach x2  
  169  9:20  Queen  
  169  9:21  Roach  
  153  9:25  Hydralisk  
  153  9:26  Hydralisk x2  
  153  9:31  Hydralisk  
  157  9:33  Roach x2  
  157  9:36  Hydralisk x2  
  167  9:39  Roach x2  
  167  9:43  Roach  
  173  9:46  Hydralisk  
  173  9:48  Roach  
  173  9:51  Roach x5  
  183  9:56  Roach x3  
  183  9:59  Extractor  
  188  10:02  Roach x7  
  188  10:04  Roach x2  
  194  10:21  Hatchery  
  194  10:24  Zerg Missile Weapons Level 3  
  181  10:29  Roach x10  
  181  10:30  Roach x33  
  181  10:31  Roach  
  181  10:33  Drone, Roach x2  
  198  10:36  Zerg Ground Armor Level 2  
  198  10:43  Drone x2  
  200  10:51  Roach  
  200  10:55  Roach x2  
  194  11:03  Roach x2  
  184  11:04  Roach x10  
  194  11:11  Roach x4  
  184  11:20  Roach x9  
  184  11:24  Roach x2  
  184  11:25  Roach  
  174  11:29  Roach  
  174  11:30  Roach x3  
  172  11:34  Roach  
  172  11:36  Queen, Roach x29, Lurker Den  
  172  11:38  Roach x2  
  177  11:40  Roach  
  177  11:42  Ravager x4  
  177  11:45  Roach  
  177  11:46  Roach x5  
  189  11:49  Roach x6  
  189  11:50  Ravager x2  
  189  11:51  Ravager  
  189  11:53  Roach  
  198  11:57  Roach  
  198  12:09  Roach x2  
  198  12:15  Roach x7  
  200  12:20  Roach x2  
  200  12:21  Roach x2  
  200  12:22  Overlord  
  200  12:27  Roach x3  
  200  12:28  Roach x2  
  200  12:33  Roach  
  200  12:34  Roach x6  
  200  12:35  Roach x2  
  184  12:37  Roach x2  
  184  12:40  Roach  
  184  12:41  Roach  
  184  12:42  Roach x3  
  177  12:45  Roach  
  177  12:50  Roach x3  
  185  12:55  Roach x4  
  185  12:57  Drone x6  
  189  13:02  Roach x3  
  189  13:04  Roach x2  
  189  13:05  Roach  
  196  13:11  Roach x2  
  194  13:25  Roach x6  
  173  13:35  Roach x4  
  173  13:39  Roach  
  173  13:41  Roach x3  
  172  13:45  Viper  
  165  13:50  Hydralisk  
  165  13:51  Hydralisk x2  
  165  13:54  Roach x15  
  167  13:56  Roach x2  
  167  13:57  Roach x2  
  167  14:01  Viper  
  166  14:03  Roach  
  166  14:06  Roach x2  
  172  14:11  Spore Crawler  
  172  14:12  Roach x2  
  172  14:16  Hydralisk  
  172  14:17  Hydralisk  
  176  14:25  Hydralisk x3  
  176  14:28  Lurker  
  176  14:29  Lurker  
  184  14:33  Roach x2  
  184  14:37  Roach x2  
  192  14:42  Roach x2  
  192  14:45  Roach x4  
  196  14:59  Roach x8  
Tags
 
Add a new tag
Caveats
  • Supply blocks, unpowered buildings, or Contaminate may cause inaccurate times.
  • Supply counts are checked every 10 seconds.